 Dungeon Crawl Stone Soup version 0.18-a0-1126-ga2d7f46 (webtiles) character file.

3614 M4edhros the Covert (level 10, -2/63 HPs)
             Began as an Octopode Artificer on Jan 20, 2016.
             Was a Believer of Fedhas.
             Killed from afar by YrmMerkstave's ghost (27 damage)
             ... with a bolt of negative energy
             ... on level 8 of the Dungeon.
             The game lasted 00:15:06 (7205 turns).

M4edhros the Covert (Octopode Artificer)            Turns: 7205, Time: 00:15:08

Health: -2/63      AC:  6    Str: 11    XL:     10   Next: 11%
Magic:  16/16      EV: 10    Int: 15    God:    Fedhas [**....]
Gold:   403        SH: 12    Dex: 11    Spells: 0 memorised, 9 levels left

rFire  . . .     SeeInvis .     E - +2 flail (protect)
rCold  + . .     Gourm    .     O - +0 large shield
rNeg   . . .     Faith    .     (helmet restricted)
rPois  .         Spirit   .     (no amulet)
rElec  .         Dismiss  .     u - ring of wizardry
rCorr  .         Reflect  .     l - ring of flight
SustAt .         Harm     .     H - ring of protection from cold
MR     .....     Rnd*Rage +     (no ring)
Stlth  +++++.....               (no ring)
                                (no ring)
                                (no ring)
                                (no ring)

@: drained, not resistant to hostile enchantments, quite stealthy
A: almost no armour, amphibious, 8 rings, constrict 8, antennae 2, tentacle
spike 1, camouflage 1, berserk 1, clumsy 1, dopey 1, high mp 1, sense
surroundings 1, robust 1, gelatinous body 1
a: Evolution, Sunlight, Renounce Religion, Evoke Flight


You were on level 8 of the Dungeon.
You worshipped Fedhas.
Fedhas was pleased with you.
You were near starving.

You visited 2 branches of the dungeon, and saw 9 of its levels.
You also visited: Sewer.

You collected 466 gold pieces.
You spent 63 gold pieces at shops.

Inventory:

Hand Weapons
 a - a +0 short sword
 q - a +0 hunting sling
 r - a +2 short sword of holy wrath
 s - the +4 halberd of Tumult {drain, MR+}
   (You found it on level 4 of the Dungeon)

   A truly terrible weapon, it drains the life of those it strikes.
   It affects your resistance to hostile enchantments.
 E - a +2 flail of protection (weapon)
Missiles
 j - 279 stones (quivered)
 n - 54 sling bullets
Armour
 O - a +0 large shield (worn)
Jewellery
 l - a ring of flight (right tentacle)
 u - a ring of wizardry (left tentacle)
 H - a ring of protection from cold (on tentacle)
Wands
 b - a wand of flame (11/48)
 c - a wand of enslavement (11/24)
 d - a wand of random effects (6/48)
 F - a wand of draining (0/15)
 M - a wand of random effects (26/48)
Scrolls
 g - 3 scrolls of teleportation
 i - a scroll of amnesia {unknown}
 o - 2 scrolls of enchant weapon
 x - a scroll of magic mapping
 y - a scroll of fog
 D - 2 scrolls of fear
 G - 2 scrolls of enchant armour
Potions
 e - a potion of mutation {unknown}
 h - a potion of lignification
 v - a potion of brilliance
 w - a potion of haste
 z - a potion of magic {unknown}
 A - a potion of flight {unknown}
 B - a potion of might {unknown}
 C - a potion of heal wounds
 L - a potion of cure mutation {unknown}
 N - a potion of cancellation {unknown}
Books
 t - a book of Burglary

   Spells                             Type                      Level
   a - Swiftness                      Charms/Air                   2
   b - Passwall                       Transmutation/Earth          3
   c - Passage of Golubria            Translocation                4
   d - Lee's Rapid Deconstruction     Earth                        5
   e - Darkness                       Hexes                        6
   f - Invisibility                   Hexes                        6
 J - a book of Summonings

   Spells                             Type                      Level
   a - Recall                         Summoning/Translocation      3
   b - Aura of Abjuration             Summoning                    5
   c - Summon Demon                   Summoning                    5
   d - Summon Forest                  Summoning/Translocation      5
   e - Summon Mana Viper              Hexes/Summoning              5
   f - Shadow Creatures               Summoning                    6
Comestibles
 f - 6 bread rations
 k - 3 fruits
 p - 3 beef jerkies
 K - 8 slices of pizza


   Skills:
 - Level 1.0(0.4) Fighting
 - Level 1.0(0.4) Short Blades
 + Level 6.0(5.4) Slings
 + Level 7.2(6.5) Dodging
 + Level 9.9(9.2) Stealth
 * Level 5.1(4.5) Shields
 + Level 3.6(3.0) Invocations
 + Level 6.3(5.7) Evocations


You had 9 spell levels left.
You didn't know any spells.

Dungeon Overview and Level Annotations

Branches:
Dungeon (8/15)             Temple (1/1) D:6            Lair (0/8) D:8

Altars:
Ashenzari
Cheibriados
Dithmenos
Elyvilon
Fedhas
Gozag
Kikubaaqudgha
Makhleb
Nemelex Xobeh
Okawaru
Pakellas
Qazlal
Ru
Trog
Vehumet
Xom
Yredelemnul
Zin
The Shining One

Shops:
D:6 !*[

Annotations:
D:8 YrmMerkstave's ghost, novice DrTm


Innate Abilities, Weirdness & Mutations

You cannot wear most types of armour.
You are amphibious.
You can wear up to eight rings at the same time.
You can use your tentacles to constrict eight enemies at once.
Your skin changes colour to match your surroundings (Stealth).
Your rubbery body absorbs attacks (AC +1).
You have a pair of antennae on your head.
One of your tentacles bears a spike.
You tend to lose your temper in combat.
You are clumsy. (Dex -2)
You are dopey. (Int -2)
You have an increased reservoir of magic (+10% MP).
You passively map a small area around you.
You are robust (+10% HP).


Message History

You feel sick.
You are no longer poisoned.
YrmMerkstave's ghost (novice Green Draconian Transmuter) comes into view.
Xom makes a sudden noise!
You hear an angry hiss.
YrmMerkstave's ghost is nearby!
YrmMerkstave's ghost is nearby!
You start resting.
Something hits your wandering mushroom.
Your wandering mushroom completely misses something.
Wield which item (- for none, * to show all)? (? for menu, Esc to quit)
Your +2 short sword of holy wrath stops glowing.
You feel protected!
E - a +2 flail of protection (weapon)
You swap places.
YrmMerkstave's ghost breathes negative energy at you.
The bolt of negative energy hits your wandering mushroom.
Your wandering mushroom completely resists.
The bolt of negative energy hits you!
You feel drained.
You die...
Fedhas appreciates your contribution to the ecosystem.

#..# #f.# * ,*
###..##########
..............#### *,
* ..#....#####{#.#>#
* ..#.##.# ##{###..#
* , ....##.###{##
##.## * ######.#.f##
##.#####... ,
#..#..#####@f........
#....{.##..f#########
##.#f#....#.W#* * * ,
##...##.###....W...
##.###..#..######.,
#.# #,..... * * * #.#
* #.###. * ### #.# #.
*.* * ##.###.# #. #,
*


You could see YrmMerkstave's ghost and 2 friendly wandering mushrooms.

Vanquished Creatures
  Pikel (D:6)
  Menkaure (D:5)
  Edmund (D:4)
  A slave (D:6)
  An ice beast (D:5)
  3 ogres
  3 centaurs
  Blork the orc (D:6)
  2 big kobolds (Sewer)
  2 giant frogs
  2 scorpions
  A killer bee (D:7)
  A crimson imp (D:6)
  3 hounds
  A quasit (D:5)
  A giant frog zombie (D:4)
  5 orc priests
  4 orc wizards
  Crazy Yiuf (D:6)
  A centaur skeleton (D:8)
  Terence (D:2)
  3 worker ants
  3 sheep (D:7)
  A gnoll (D:1)
  17 adders
  2 river rats (Sewer)
  2 oozes
  An adder skeleton (D:5)
  7 worms
  6 giant geckos
  9 orcs
  5 ball pythons
  2 giant cockroaches (D:1)
  5 goblins
  4 hobgoblins
  8 jackals
  13 kobolds
  3 quokkas
  4 bats
  3 giant newts
  14 rats
149 creatures vanquished.

Vanquished Creatures (collateral kills)
  Prince Ribbit (D:7)
  Sigmund (D:6)
  A human (D:7)
  A slave (D:6)
  2 phantoms
  2 sky beasts (D:7)
  2 ogres
  A centaur (D:6)
  A giant frog (D:6)
  2 scorpions
  3 killer bees (D:7)
  3 orc priests
  A gnoll shaman (D:7)
  A sheep (D:7)
  3 gnolls (D:7)
  An adder (D:6)
  An orc (D:6)
  A bat (D:3)
28 creatures vanquished.

Vanquished Creatures (others)
  2 slaves (D:6)
  5 necrophages (D:8)
  An orc wizard (D:6)
  3 wandering mushrooms
  86 toadstools
97 creatures vanquished.

Grand Total: 274 creatures vanquished

Notes
Turn   | Place    | Note
--------------------------------------------------------------
     0 | D:1      | M4edhros the Octopode Artificer began the quest for the Orb.
     0 | D:1      | Reached XP level 1. HP: 13/13 MP: 3/3
   206 | D:1      | Reached XP level 2. HP: 1/18 MP: 4/4
   574 | D:2      | Found a shimmering altar of Xom.
   574 | D:2      | Found a glowing silver altar of Zin.
   574 | D:2      | Noticed an angel
   603 | D:2      | Became a worshipper of Xom the Begetter of Discontinuities
   785 | D:3      | Reached XP level 3. HP: 20/23 MP: 5/5
   953 | D:3      | Reached XP level 4. HP: 25/28 MP: 6/6
  1070 | D:3      | Reached skill level 4 in Stealth
  1242 | D:3      | Found an oddly glowing altar of Pakellas.
  1368 | D:4      | Reached XP level 5. HP: 27/33 MP: 7/7
  1376 | D:4      | Reached skill level 1 in Slings
  1423 | D:4      | Got an ancient halberd
  1424 | D:4      | Identified the +4 halberd of Tumult {drain, MR+} (You found it on level 4 of the Dungeon)
  1424 | D:4      | XOM: silly message
  1450 | D:4      | XOM: colour smoke trail
  1470 | D:4      | Found a burning altar of Makhleb.
  1471 | D:4      | Found an ancient bone altar of Kikubaaqudgha.
  1494 | D:5      | Entered Level 5 of the Dungeon
  1494 | D:5      | Noticed an ogre
  1501 | D:5      | Killed an ogre
  1501 | D:5      | Reached XP level 6. HP: 38/38 MP: 9/9
  1551 | D:4      | Found Vuiceel's Assorted Antiques.
  1574 | D:4      | Noticed a phantom
  1591 | D:4      | Reached skill level 5 in Stealth
  1592 | D:4      | Killed a phantom
  1594 | D:4      | XOM: vitrification
  1650 | D:4      | Found a glowing drain.
  1652 | D:4      | XOM: butterfly on damage
  1654 | D:4      | Killed an ogre
  1668 | D:4      | XOM: butterfly on damage
  1707 | D:4      | Reached XP level 7. HP: 2/43 MP: 10/10
  1769 | Sewer    | Entered a sewer
  1942 | Sewer    | XOM: cast spell 'Summon Horrible Things'
  2027 | Sewer    | Reached skill level 6 in Stealth
  2257 | D:4      | Noticed Edmund
  2266 | D:4      | Killed Edmund
  2266 | D:4      | Reached skill level 5 in Dodging
  2367 | D:5      | Found a glowing silver altar of Zin.
  2379 | D:5      | XOM: confuse monster(s)
  2382 | D:5      | XOM: potion effect (berserk rage)
  2383 | D:5      | Reached skill level 1 in Shields
  2383 | D:5      | Reached XP level 8. HP: 41/48 MP: 11/11
  2390 | D:5      | Reached skill level 7 in Stealth
  2418 | D:5      | Found a bloodstained altar of Trog.
  2428 | D:5      | Reached skill level 5 in Evocations
  2454 | D:5      | Found a stormy altar of Qazlal.
  2458 | D:5      | Noticed Menkaure
  2709 | D:6      | Found a staircase to the Ecumenical Temple.
  2720 | Temple   | Entered the Ecumenical Temple
  2760 | Temple   | Fell from the grace of Xom
  2760 | Temple   | Became a worshipper of Fedhas Madash
  2967 | D:2      | Found a shadowy altar of Dithmenos.
  2967 | D:2      | Found an opulent altar of Gozag.
  3158 | D:2      | Noticed Terence
  3169 | D:2      | Killed Terence
  3396 | D:2      | XOM: mild Pois miscast
  4113 | D:2      | Reached * piety under Fedhas
  4281 | D:3      | HP: 1/48 [orc priest (4)]
  4685 | D:3      | Found a sparkling altar of Nemelex Xobeh.
  4696 | D:3      | Reached skill level 8 in Stealth
  4889 | D:5      | Killed Menkaure
  4889 | D:5      | Reached skill level 1 in Invocations
  5231 | D:6      | Noticed Pikel
  5250 | D:6      | Killed Pikel
  5250 | D:6      | Reached skill level 5 in Slings
  5250 | D:6      | Reached XP level 9. HP: 38/53 MP: 13/13
  5289 | D:6      | XOM: give mutations
  5289 | D:6      | Gained mutation: You are clumsy. (Dex -2) [Xom's mischief]
  5289 | D:6      | Gained mutation: You passively map a small area around you. [Xom's mischief]
  5289 | D:6      | Gained mutation: You are dopey. (Int -2) [Xom's mischief]
  5290 | D:6      | Gained mutation: One of your tentacles bears a spike. [potion of beneficial mutation]
  5294 | D:6      | Noticed Sigmund
  5308 | D:6      | Killed Sigmund
  5489 | D:6      | Found Loewko's General Store.
  5529 | D:6      | Reached skill level 9 in Stealth
  5557 | D:6      | Found Cupari's Armour Emporium.
  5619 | D:6      | Found a glowing golden altar of the Shining One.
  5624 | D:6      | Found a basalt altar of Yredelemnul.
  5626 | D:6      | Noticed a profane servitor
  5663 | D:6      | Noticed Blork the orc
  5670 | D:6      | Killed Blork the orc
  5686 | D:6      | Found Wiorykk's Distillery.
  5862 | D:6      | Noticed Crazy Yiuf
  5870 | D:6      | Killed Crazy Yiuf
  5935 | D:6      | Noticed an angel
  5965 | D:6      | Bought a +0 large shield for 63 gold pieces
  6006 | D:7      | Noticed Prince Ribbit
  6026 | D:7      | Gained mutation: You have an increased reservoir of magic (+10% MP). [mutagenic meat]
  6028 | D:7      | Gained mutation: You have a pair of small antennae on your head. [mutagenic meat]
  6029 | D:7      | Gained mutation: You are robust (+10% HP). [mutagenic meat]
  6030 | D:7      | Gained mutation: One of your tentacles bears a nasty spike. [mutagenic meat]
  6058 | D:7      | Found a sacrificial altar of Ru.
  6276 | D:7      | XOM: mild Tloc miscast
  6504 | D:7      | Gained mutation: You have a pair of antennae on your head. [mutagenic meat]
  6505 | D:7      | Gained mutation: You tend to lose your temper in combat. [mutagenic meat]
  6508 | D:7      | Lost mutation: One of your tentacles bears a nasty spike. [mutagenic meat]
  6595 | D:7      | Reached XP level 10. HP: 56/63 MP: 16/16
  6689 | D:7      | Found a radiant altar of Vehumet.
  6716 | D:7      | Killed Prince Ribbit
  6758 | D:7      | Reached skill level 5 in Shields
  6846 | D:7      | XOM: medium Erth miscast
  7064 | D:8      | Found a blossoming altar of Fedhas.
  7077 | D:8      | Reached ** piety under Fedhas
  7141 | D:8      | XOM: 3-stop teleportation journey
  7192 | D:8      | Found a staircase to the Lair.
  7198 | D:8      | Noticed YrmMerkstave's ghost (novice DrTm)
  7198 | D:8      | XOM: noise
  7205 | D:8      | Killed from afar by YrmMerkstave's ghost

Vault maps used:
D:1:      minmay_arrival_checkered_box
D:2:      grunt_temple_overflow_order_and_chaos_1,
          gammafunk_temple_overflow_statue, first_bread, uniq_terence
D:3:      nemelex_deck, grunt_pakellas_sulfur
D:4:      gammafunk_temple_overflow_pools, gup_sewer_entry_bubbles,
          serial_shops, shop, uniq_edmund
D:5:      kennysheep_little_box, nicolae_overflow_hidden_temple, basic_altar,
          serial_park_tiny_1, uniq_menkaure
D:6:      grunt_temple_overflow_holy_war, minmay_temple_entry_metal_lava,
          serial_shops, shop, shop, nicolae_shop_temple_entry_statues_fountains,
          uniq_crazy_yiuf_cottage, uniq_pikel, uniq_blork_the_orc, uniq_sigmund
D:7:      nicolae_ru_sacrificial_ziggurat, lemuel_round_altar, grunt_livestock,
          uniq_prince_ribbit1
D:8:      due_megacathedral, lair_0_dummy, serial_shops, shop,
          fedhas_altar_decomposition
Temple:   nicolae_temple_great_sept
Sewer:    sewer_co_15_rooms

Action                   |  1- 3 |  4- 6 |  7- 9 | 10-12 || total
-------------------------+-------+-------+-------+-------++-------
Melee: Short sword       |    41 |    22 |       |     4 ||    67
       Halberd           |       |    33 |    36 |       ||    69
       Flail             |       |       |   192 |       ||   192
 Fire: Hunting sling     |       |    17 |    16 |    41 ||    74
Invok: Evolution         |       |       |     4 |     1 ||     5
Evoke: Wand              |     2 |     4 |     9 |     3 ||    18
  Use: Scroll            |       |     5 |     9 |       ||    14
       Potion            |       |       |     6 |     1 ||     7
 Stab: Sleeping          |     7 |     7 |    25 |       ||    39
       Paralysed         |       |       |     1 |       ||     1
       Confused          |       |       |     2 |       ||     2
  Eat: Chunk             |       |     2 |    16 |       ||    18
       Meat ration       |       |       |     2 |       ||     2
       Royal jelly       |       |       |     1 |       ||     1
